 Dungeon Crawl Stone Soup version 0.23.1 (webtiles) character file.

Game seed: 1055135638036192699

283 Lusmu the Sneak (level 6, -2/28 HPs)
             Began as a Felid Necromancer on Mar 14, 2019.
             Killed from afar by Blork the orc (13 damage)
             ... with a puff of frost
             ... on level 3 of the Dungeon.
             The game lasted 00:28:34 (9511 turns).

Lusmu the Sneak (Felid Necromancer)                 Turns: 9511, Time: 00:28:35

Health: -2/28      AC:  2    Str:  6    XL:     6   Next: 7%
Magic:  9/10       EV: 18    Int: 17    God:
Gold:   114        SH:  0    Dex: 16    Spells: 7/9 levels left
                                        Lives:  0   Deaths: 1

rFire    + . .     SeeInvis +   (weapon unavailable)
rCold    x . .     Gourm    .   (shield unavailable)
rNeg     . . .     Faith    .   (armour unavailable)
rPois    .         Spirit   .   (helmet unavailable)
rElec    .         Reflect  .   (cloak unavailable)
rCorr    .         Harm     .   (gloves unavailable)
MR       +....                  (boots unavailable)
Stlth    ++++......             (no amulet)
HPRegen  0.09/turn              r - ring of fire
MPRegen  0.12/turn              d - ring of protection from magic

@: quick
A: very small, no armour, no weapons or thrown items, stealth, claws 1, fangs 3,
see invisible, carnivore, speed 1, shaggy fur 2, slow metabolism 1, sharp paws
a: no special abilities


You were on level 3 of the Dungeon.
You were not hungry.

You visited 1 branch of the dungeon, and saw 4 of its levels.
You also visited: Ossuary.

You collected 114 gold pieces.

Inventory:

Jewellery
 d - a ring of protection from magic (right paw)
 m - an uncursed ring of protection from cold
 r - a ring of fire (left paw)
Scrolls
 c - a scroll of magic mapping
 f - a scroll of fear
 j - a scroll of noise {unknown}
 l - a scroll of immolation
 n - a scroll of amnesia {unknown}
 s - a scroll of teleportation
Potions
 a - a potion of resistance
 e - 4 potions of curing
 g - 2 potions of heal wounds
 h - 2 potions of lignification {unknown}
 i - 2 potions of berserk rage {unknown}
 k - 2 potions of magic {unknown}
 o - a potion of flight {unknown}
 q - a potion of haste {unknown}
Comestibles
 b - 7 rations
 p - 4 chunks of flesh


   Skills:
 + Level 3.5 Fighting
 - Level 2.6 Dodging
 + Level 6.0 Stealth
 - Level 2.0 Spellcasting
 + Level 5.5 Necromancy


You had 7 spell levels left.
You knew the following spells:

 Your Spells              Type           Power        Failure   Level  Hunger
a - Pain                  Necr           ###.         1%          1    #......
b - Animate Skeleton      Necr           N/A          1%          1    #......

Your spell library contained the following spells:

 Spells                   Type           Power        Failure   Level  Hunger
 Vampiric Draining        Necr           ###.......   6%          3    ###....
 Regeneration             Chrm/Necr      ##........   19%         3    ###....
 Animate Dead             Necr           N/A          21%         4    #####..


Dungeon Overview and Level Annotations

Branches:
Dungeon (4/15)
 Temple: D:4-7

Altars:
Ashenzari
Elyvilon
Kikubaaqudgha
Trog

Annotations:
D:3 Blork the orc
D:4 Edmund, Pikel


Innate Abilities, Weirdness & Mutations

You cannot wear armour.
You are incapable of wielding weapons or throwing items.
Your paws allow you to move quietly. (Stealth)
You have sharp claws.
You have razor-sharp teeth.
You have supernaturally acute eyesight. (SInv)
You are carnivorous and can eat meat at any time.
You cover ground quickly.
You are covered in thick fur. (AC +2)
You have a slow metabolism.
Your sharp claws are effective at attacking unaware monsters.


Message History

Casting: Pain (safe; 1% risk of failure)
Confirm with . or Enter, or press ? or * to list all spells.
Aiming: Pain (safe; 1% risk of failure)
Press: ? - help, Shift-Dir - straight line, f/p - Blork the orc
Aim: Blork the orc, wielding a +0 scimitar and wearing a +1 robe of magic resistance (moderately wounded, chance to defeat MR: 48%) Blork the orc resists with some effort.
Blork the orc hits you with a +0 scimitar.
You climb upwards.
There is a stone staircase leading down here.
Blork the orc closely misses you. Blork the orc casts a spell at you.
The magic dart hits you.
Blork the orc gestures wildly while chanting.
Blork the orc seems to speed up.
Blork the orc points at you and mumbles some strange words.
The puff of flame hits you. You resist.
Blork the orc screams, "I'll eat your brain!
And then I'll vomit it back up!"
Blork the orc gestures at you while chanting.
The puff of frost hits you!
You feel a terrible chill!
You die...

#..........##.##...........#
##.#######.##.##...........#
### #.##.##.###.......#
#o##o##.####)....##
#.##.##...........##
#.##.#...##.#.......
#.##.......##.......
#.##.#...##.........
#..@.##.####........
##.....#####........
#.#.......#........
#.#.........#.....#
#.###.###)####...## #>....#
#........# #######
##########


You could see Blork the orc.

Vanquished Creatures
  An ogre (D:3)
  An elf zombie (Ossuary)
  An orc priest (D:4)
  2 orc wizards
  5 adders
  2 worms
  2 dart slugs
  2 leopard geckos
  5 orcs
  A ball python (D:2)
  3 bat skeletons (D:3)
  3 bat zombies (D:3)
  2 giant cockroaches
  5 goblins
  9 hobgoblins
  13 jackals
  6 bats
  3 frilled lizards
  3 goblin zombies (Ossuary)
  2 hobgoblin zombies (Ossuary)
  7 kobolds
  2 kobold zombies (Ossuary)
  An orc zombie (Ossuary)
  3 rats
84 creatures vanquished.

Vanquished Creatures (others)
  A goblin zombie (Ossuary)
  A kobold zombie (Ossuary)
2 creatures vanquished.

Grand Total: 86 creatures vanquished

Notes
Turn   | Place    | Note
-------+----------+-------------------------------------------
     0 | D:1      | Lusmu the Felid Necromancer began the quest for the Orb.
     0 | D:1      | Reached XP level 1. HP: 7/7 MP: 4/4
   105 | D:1      | Learned a level 1 spell: Animate Skeleton
   702 | D:1      | Reached skill level 3 in Stealth
  1040 | D:1      | You fall through a shaft!
  1186 | D:2      | Reached XP level 2. HP: 11/12 MP: 3/6
  1243 | D:2      | Reached skill level 1 in Fighting
  1366 | D:2      | Reached XP level 3. HP: 13/15 MP: 4/7
  2143 | D:2      | Reached skill level 4 in Stealth
  2471 | D:2      | Reached XP level 4. HP: 14/19 MP: 1/8
  2535 | D:2      | Found a bloodstained altar of Trog.
  4228 | D:3      | Found an ancient bone altar of Kikubaaqudgha.
  4714 | D:3      | Found a shattered altar of Ashenzari.
  5451 | D:3      | Reached skill level 5 in Stealth
  5451 | D:3      | Reached XP level 5. HP: 12/23 MP: 4/9
  5723 | D:4      | Found a sand-covered staircase.
  5738 | Ossuary  | Entered an ossuary
  5738 | Ossuary  | Noticed a wraith
  5738 | Ossuary  | Noticed a wraith
  5738 | Ossuary  | Noticed a wraith
  6696 | Ossuary  | Slain by an elf zombie
  6697 | Ossuary  | Reached XP level 4. HP: -2/20 MP: 8/8
  6718 | Ossuary  | Reached skill level 5 in Necromancy
  7513 | Ossuary  | Noticed a wraith
  7637 | D:4      | Noticed a slave
  7869 | D:3      | Reached XP level 5. HP: 4/24 MP: 6/9
  8157 | D:4      | Noticed Blork the orc
  8356 | D:4      | Noticed an ogre
  8401 | D:3      | Killed an ogre
  9241 | D:4      | Noticed Pikel
  9241 | D:4      | Noticed a slave
  9241 | D:4      | Noticed a slave
  9320 | D:4      | Reached skill level 6 in Stealth
  9320 | D:4      | Gained mutation: You are covered in thick fur. (AC +2)
                  | [Felid growth]
  9320 | D:4      | Reached XP level 6. HP: 23/28 MP: 4/10
  9438 | D:4      | Noticed Edmund
  9452 | D:4      | Found a white marble altar of Elyvilon.
  9511 | D:3      | Killed from afar by Blork the orc

Skill      XL: |  1  2  3  4  5 |
---------------+----------------+-----
Stealth        | 3 4 5 6 |  6.0
Fighting       | 1 2 3 |  3.5
Necromancy     | 5 |  5.5
Dodging        | |  2.6
Spellcasting   | |  2.0

Action                   |  1- 3 |  4- 6 || total
-------------------------+-------+-------++-------
Melee: Unarmed           |    41 |   218 ||   259
       Bite              |     5 |    22 ||    27
 Cast: Pain              |    48 |    77 ||   125
       Animate Skeleton  |     1 |     3 ||     4
  Use: Scroll            |       |     8 ||     8
       Potion            |       |     1 ||     1
 Stab: Sleeping          |     3 |     3 ||     6
  Eat: Chunk             |    11 |    12 ||    23
Armor: Skin              |     6 |    24 ||    30
Dodge: Dodged            |    60 |   233 ||   293
